 Dungeon Crawl Stone Soup version 0.27-a0-1374-gc14e5d3922 (webtiles) character file.

Game seed: 2479576550846767283

10624 Ijustatesigmund the Cleaver (level 11, -1/78 HPs)
             Began as an Octopode Fighter on June 29, 2021.
             Was a Follower of Cheibriados.
             Slain by a two-headed ogre (24 damage)
             ... on level 10 of the Dungeon.
             The game lasted 00:31:57 (15101 turns).

Ijustatesigmund the Cleaver (Octopode Fighter)     Turns: 15101, Time: 00:31:57

Health: -1/78      AC:  9    Str: 18    XL:     11   Next: 65%
Magic:  13/13      EV: 15    Int: 14    God:    Cheibriados [*.....]
Gold:   652        SH: 13    Dex: 15    Spells: 10/10 levels left

rFire    . . .     SeeInvis .   u - +7 flail
rCold    . . .     Faith    .   b - +2 kite shield
rNeg     . . .     Spirit   .   (helmet restricted)
rPois    .         Reflect  .   (no amulet)
rElec    .         Harm     .   o - ring of resist corrosion
rCorr    +         Rampage  .   p - +4 ring of protection
Will     .....                  q - +4 ring of protection
Stlth    ++++......             (no ring)
HPRegen  0.23/turn              (no ring)
MPRegen  0.13/turn              (no ring)
                                (no ring)
                                (no ring)

@: very slow
A: almost no armour, amphibious, 8 rings, camouflage 1, gelatinous body 1,
(nimble swimmer 1), tentacles
a: Renounce Religion, Bend Time


You were on level 10 of the Dungeon.
You worshipped Cheibriados.
Cheibriados was aware of your devotion.
You visited 2 branches of the dungeon, and saw 12 of its levels.

You collected 1050 gold pieces.
You spent 314 gold pieces at shops.
You paid 84 gold pieces to Gozag.

Inventory:

Hand Weapons
 a - a +2 war axe
 u - a +7 flail (weapon)
Missiles
 i - 53 poisoned darts (quivered)
Armour
 b - a +2 kite shield (worn)
Jewellery
 o - a ring of resist corrosion (left tentacle)
 p - a +4 ring of protection (right tentacle)
 q - a +4 ring of protection (on tentacle)
 t - an amulet of reflection
Wands
 c - a wand of iceblast (1)
 h - a wand of mindburst (2)
 k - a wand of flame (3)
 y - a wand of paralysis (7)
 A - a wand of polymorph (5)
Scrolls
 l - 2 scrolls of teleportation
 m - 2 scrolls of summoning
 n - 2 scrolls of torment
 w - a scroll of amnesia
Potions
 d - a potion of flight
 e - a potion of resistance
 f - a potion of magic
 g - a potion of attraction
 j - 2 potions of ambrosia
 r - 2 potions of lignification
 s - 3 potions of curing
 v - a potion of cancellation
 x - 2 potions of might
 z - a potion of mutation
Miscellaneous
 B - a phial of floods


   Skills:
 + Level 8.8 Fighting
 + Level 9.0 Axes
 - Level 6.4 Throwing
 - Level 8.1 Dodging
 - Level 4.1 Stealth
 - Level 8.1 Shields
 + Level 3.4 Invocations
 - Level 3.0 Evocations


You had 10 spell levels left.
You didn't know any spells.
Your spell library contained the following spells:

 Spells                   Type           Power      Damage    Failure   Level
 Corona                   Hex            0%         N/A       56%         1
 Magic Dart               Conj           0%         1d3       56%         1
 Ensorcelled Hibernation  Hex/Ice        0%         N/A       71%         2
 Searing Ray              Conj           0%         3d3       71%         2
 Confusing Touch          Hex            0%         N/A       91%         3
 Dazzling Flash           Conj/Hex       0%         N/A       91%         3
 Gell's Gravitas          Tloc           0%         N/A       91%         3
 Tukima's Dance           Hex            0%         N/A       91%         3
 Fulminant Prism          Conj/Hex       0%         3d6       100%        4
 Iskenderun's Mystic Bla  Conj/Tloc      0%         2d3       100%        4
 Petrify                  Tmut/Erth      0%         N/A       100%        4
 Metabolic Englaciation   Hex/Ice        0%         N/A       100%        5
 Yara's Violent Unravell  Hex/Tmut       0%         3d3       100%        5


Dungeon Overview and Level Annotations

Branches:
Dungeon (11/15)            Temple (1/1) D:4            Lair (0/6) D:10
    Orc: D:9-12

Altars:
Ashenzari
Cheibriados
Dithmenos
Elyvilon
Fedhas
Gozag
Hepliaklqana
Kikubaaqudgha
Makhleb
Nemelex Xobeh
Okawaru
Qazlal
Ru
Sif Muna
Trog
Uskayaw
Vehumet
Wu Jian
Xom
Yredelemnul
Zin
The Shining One

Shops:
D:2 (   D:5 *   D:6 ?   D:9 !

Annotations:
D:6 1 runed translucent door
D:8 2 transporters, xsansara's ghost, novice DgCj


Innate Abilities, Weirdness & Mutations

You cannot wear most types of armour.
You are amphibious.
You can wear up to eight rings at the same time.
Your skin changes colour to match your surroundings (Stealth+).
Your rubbery body absorbs attacks. (AC +1, EV +1)
((You are camouflaged near water. (Stealth+)))
You have tentacles for arms and can constrict up to eight enemies at once.


Message History

Things that are here:
a +1 trident of freezing; a +0 scale mail You start resting.
HP restored.
There is a stone staircase leading down, spattered with blood here.
u - a +7 flail (weapon)
You climb downwards.
There is a stone staircase leading up, spattered with blood here.
The gnoll hits you from afar with a +0 spear.
You climb upwards.
There is a stone staircase leading down, spattered with blood here.
Aiming: Mindburst
Press: ? - help, Shift-Dir - straight line, f - two-headed ogre
Aim: a two-headed ogre, wielding a +0 giant spiked club and a +0 giant club (chance to affect: 62%)
The two-headed ogre's minds are blasted!!
The two-headed ogre hits you with a +0 giant spiked club!!
The two-headed ogre hits you with a +0 giant club!!
You thump the two-headed ogre!
The two-headed ogre is heavily wounded.
You block the two-headed ogre's attack.
The two-headed ogre completely misses you.
Your shield prevents you from hitting the two-headed ogre.
The two-headed ogre is heavily wounded.
You block the two-headed ogre's attack. x2
You hit the two-headed ogre.
The two-headed ogre is heavily wounded.
The two-headed ogre barely misses you. You block the two-headed ogre's attack.
You feel better. You block the two-headed ogre's attack.
The two-headed ogre hits you with a +0 giant club!
* * * LOW HITPOINT WARNING * * *
You sock the two-headed ogre!
The two-headed ogre is almost dead.
The two-headed ogre misses you.
The two-headed ogre completely misses you.
You hit the two-headed ogre.
The two-headed ogre is almost dead.
You hit the two-headed ogre but do no damage.
The two-headed ogre is almost dead.
The two-headed ogre hits you with a +0 giant spiked club!!
You die...

###### #....#
###..#.###########
...............O@#
.............#.#[#
######.#....<..#.#
.......#.#######.#
...#####.##......#
...# #....####.#
...# ###### #.#
...# ### ...#


You could see a two-headed ogre.

Vanquished Creatures
  3 two-headed ogres
  4 centaur zombies
  Psyche (D:8)
  2 trolls
  Sigmund (D:2)
  17 yaks
  A steam dragon (D:9)
  An acid dragon (D:5)
  5 water moccasins
  2 hornet zombies
  2 orc warriors
  An ice beast (D:7)
  2 sky beasts (D:7)
  5 black bears (D:10)
  2 ogres
  2 centaurs
  A phantom (D:5)
  A kobold brigand (D:7)
  7 bullfrogs
  2 gnoll sergeants
  3 scorpions
  8 wights (D:8)
  15 killer bees
  5 electric eels
  A bullfrog zombie (D:9)
  5 hounds
  3 orc priests
  A jelly (D:6)
  Crazy Yiuf (D:6)
  An iguana (D:5)
  2 orc wizards
  Ijyb (D:3)
  A killer bee zombie (D:7)
  A hound skeleton (D:4)
  A hound zombie (D:5)
  A howler monkey zombie (D:6)
  Robin (D:2)
  3 howler monkey skeletons
  A gnoll (D:11)
  12 adders
  2 white imps (D:8)
  An ufetubus (D:6)
  A worm (D:2)
  2 dart slugs
  16 orcs
  10 ball pythons
  8 endoplasms
  4 giant cockroaches
  23 goblins
  9 hobgoblins
  7 jackals
  2 quokkas
  9 bats
  10 frilled lizards
  12 kobolds
  9 rats
254 creatures vanquished.

Vanquished Creatures (collateral kills)
  A goblin (D:2)
1 creature vanquished.

Vanquished Creatures (others)
  53 fungi (D:10)
  65 plants
118 creatures vanquished.

Grand Total: 373 creatures vanquished

Notes
Turn   | Place    | Note
-------+----------+-------------------------------------------
     0 | D:1      | Ijustatesigmund the Octopode Fighter began the quest for
                  | the Orb.
     0 | D:1      | Reached XP level 1. HP: 16/16 MP: 1/1
   108 | D:1      | Reached XP level 2. HP: 13/21 MP: 2/2
   239 | D:1      | Found a faded altar of an unknown god.
   745 | D:1      | Reached XP level 3. HP: 23/26 MP: 3/3
  1159 | D:2      | Found Ohopto's Weapon Emporium.
  1500 | D:2      | Noticed Sigmund
  1507 | D:2      | Reached skill level 3 in Axes
  1508 | D:2      | Killed Sigmund
  1509 | D:2      | Reached skill level 4 in Axes
  1509 | D:2      | Reached XP level 4. HP: 15/33 MP: 4/4
  1509 | D:2      | Reached XP level 5. HP: 17/37 MP: 5/5
  1773 | D:2      | Reached XP level 6. HP: 23/43 MP: 6/6
  2334 | D:2      | Noticed Robin
  2371 | D:2      | Killed Robin
  3443 | D:3      | Noticed Ijyb
  3450 | D:3      | Killed Ijyb
  3899 | D:3      | Found a blossoming altar of Fedhas.
  4032 | D:3      | Noticed an orc warrior
  4034 | D:3      | Reached XP level 7. HP: 48/48 MP: 7/7
  4288 | D:4      | Found a shimmering altar of Xom.
  4312 | D:4      | Reached skill level 1 in Stealth
  4312 | D:4      | Reached skill level 1 in Evocations
  4435 | D:4      | Found a staircase to the Ecumenical Temple.
  4441 | Temple   | Entered the Ecumenical Temple
  5383 | D:5      | Entered Level 5 of the Dungeon
  5435 | D:5      | Reached XP level 8. HP: 48/54 MP: 8/8
  5664 | D:5      | Found a radiant altar of Vehumet.
  5726 | D:5      | Reached skill level 5 in Axes
  5969 | D:5      | Reached skill level 1 in Throwing
  6450 | D:5      | You fall into a shaft and drop 3 floors!
  6459 | D:8      | Reached skill level 5 in Shields
  6476 | D:8      | Noticed xsansara's ghost (novice DgCj)
  6477 | D:8      | Noticed a moth of wrath
  6514 | D:8      | Reached skill level 5 in Dodging
  6553 | D:8      | Noticed a yak
  6553 | D:8      | Noticed a yak
  6553 | D:8      | Noticed a yak
  6632 | D:8      | Found a transporter.
  6636 | D:8      | Noticed a wyvern
  6650 | D:8      | Found a transporter.
  6704 | D:8      | Reached skill level 5 in Fighting
  6878 | D:8      | Noticed a troll
  6984 | D:6      | Found Ujissi's Magic Scroll Shoppe.
  6987 | D:6      | Bought a scroll of identify for 24 gold pieces
  6987 | D:6      | Bought a scroll of blinking for 90 gold pieces
  6987 | D:6      | Bought a scroll of identify for 24 gold pieces
  7038 | D:6      | Found a runed translucent door.
  7046 | D:6      | Found a basalt altar of Yredelemnul.
  7135 | D:6      | Reached XP level 9. HP: 53/61 MP: 9/9
  7155 | D:6      | Found a runed translucent door.
  7156 | D:6      | Noticed Crazy Yiuf
  7164 | D:6      | Killed Crazy Yiuf
  7316 | D:5      | Noticed a two-headed ogre
  7332 | D:5      | Killed a two-headed ogre
  7333 | D:5      | Reached skill level 6 in Axes
  7614 | D:5      | Found an opulent altar of Gozag.
  7616 | D:5      | Found Gozag's Platinum Reserve.
  8133 | D:5      | Became a worshipper of Gozag Ym Sagoz the Greedy
  8561 | D:6      | Found a sacrificial altar of Ru.
  9041 | D:7      | Found an iron altar of Okawaru.
  9340 | D:7      | Reached XP level 10. HP: 69/69 MP: 10/10
  9898 | D:7      | Reached skill level 7 in Axes
 10123 | D:8      | Reached skill level 5 in Throwing
 10847 | D:8      | Noticed Psyche
 10858 | D:8      | Killed Psyche
 11079 | D:9      | Found an ornate altar of the Wu Jian Council.
 11121 | D:9      | Found Laufreofu's Distillery.
 11125 | D:9      | Bought a potion of heal wounds for 55 gold pieces
 11125 | D:9      | Bought a potion of heal wounds for 55 gold pieces
 11125 | D:9      | Bought 2 potions of curing for 66 gold pieces
 11651 | D:9      | Noticed a two-headed ogre
 11652 | D:9      | Noticed a two-headed ogre
 11921 | D:8      | Killed a two-headed ogre
 11922 | D:8      | Reached skill level 8 in Axes
 11922 | D:8      | Reached XP level 11. HP: 52/77 MP: 11/11
 12056 | D:9      | Killed a two-headed ogre
 12312 | D:9      | Found a faded altar of an unknown god.
 12352 | D:9      | Found a hazy altar of Hepliaklqana.
 13199 | D:9      | Fell from the grace of Gozag
 13344 | D:10     | Entered Level 10 of the Dungeon
 13411 | D:10     | Found a snail-covered altar of Cheibriados.
 13414 | D:10     | Became a worshipper of Cheibriados the Contemplative
 13596 | D:10     | Found a staircase to the Lair.
 13870 | D:10     | Reached skill level 1 in Invocations
 14176 | D:10     | Reached * piety under Cheibriados
 14622 | D:10     | Reached skill level 9 in Axes
 14769 | D:11     | Noticed a two-headed ogre
 15101 | D:10     | Slain by a two-headed ogre

Illustrated notes

Levels and vault maps discovered:
D:1:      dpeg_arrival_rooms_b, layout_loops_cross, basic_ecumenical_altar,
          skrybe_limestone_x, minmay_hedge_maze
D:2:      layout_basic, serial_shops, shop, minmay_pentomino_pile, uniq_sigmund,
          uniq_robin
D:3:      kennysheep_the_goblin_king, layout_rooms, fedhas_ov_isle_minmay,
          minmay_pentangle
D:4:      layout_basic, xom_butterflies, minmay_temple_entry_trees
D:5:      layout_gridville, nicolae_gozag_zags_fifth_avenue,
          nicolae_overflow_hidden_temple, minmay_lizard_king
D:6:      layout_gridville, dk_yredelemnul_ordeal, lemuel_round_altar,
          nicolae_stop_n_shop_2, kennysheep_boxes, uniq_crazy_yiuf_cottage
D:7:      layout_gridville, okawaru_gym_becter, corexii_checkpoint_a
D:8:      layout_loops_ring, gammafunk_ghost_berserking_beasts, uniq_psyche
D:9:      layout_loops_corners, beargit_hepliaklqana_dungeon_heroes,
          nzn_wu_jian_council_hall, serial_shops, shop,
          chequers_serial_rivers_micro_a, minivault_10, st_stairs_12,
          kennysheep_cluttered_room
D:10:     layout_basic, lemuel_doored_altar, due_lair_maze_entry_diamond
D:11:     layout_long_grid, orc_david_3
Temple:   minmay_temple_bridge_abc

Skill      XL: |  1  2  3  4  5  6  7  8  9 10 11 |
---------------+----------------------------------+-----
Axes           | 4 5 6 8 9 |  9.0
Fighting       | 4 5 6 7 8 |  8.8
Dodging        | 4 5 6 7 8 |  8.1
Shields        | 4 5 6 7 8 |  8.1
Stealth        | 4 |  4.1
Evocations     | 3 |  3.0
Throwing       | 2 4 6 |  6.4
Invocations    | 3 |  3.4

Action                   |  1- 3 |  4- 6 |  7- 9 | 10-12 || total
-------------------------+-------+-------+-------+-------++-------
Melee: War axe           |    45 |   101 |   173 |   326 ||   645
       Constrict         |     9 |    23 |    40 |    34 ||   106
       Tentacles         |     7 |    18 |    44 |    73 ||   142
       Flail             |       |       |       |     6 ||     6
Throw: Dart              |       |     2 |    10 |    32 ||    44
Invok: Renounce Religion |       |       |       |     1 ||     1
Evoke: Wand              |       |    10 |    16 |    33 ||    59
  Use: Potion            |     1 |     7 |     1 |    10 ||    19
       Scroll            |       |     3 |    11 |    10 ||    24
 Stab: Sleeping          |     3 |     7 |    14 |     5 ||    29
       Distracted        |       |       |       |     1 ||     1
       Invisible         |       |       |       |     1 ||     1
Armor: Skin              |     1 |    13 |    37 |    75 ||   126
Dodge: Dodged            |    18 |    68 |   101 |   166 ||   353
Block: Kite shield       |    23 |    65 |   106 |   228 ||   422

Table legend: (Time is in decaauts)
 A = Elapsed time spent in this place.
 B = Non-inter-level travel time spent in this place.
 C = Inter-level travel time spent in this place.
 D = Time resting spent in this place.
 E = Time spent auto-exploring this place.
 F = Levels seen in this place.
 G = Mean time per level.
                   A        B        C        D        E       F      G
               +--------+--------+--------+--------+--------+-----+--------+
         Total |  15463 |  14903 |    560 |   4729 |   7768 |  12 | 1288.6 |
       Dungeon |  15323 |  14779 |    544 |   4729 |   7675 |  11 | 1393.0 |
        Temple |    139 |    123 |     16 |      0 |     93 |   1 |  139.0 |
               +--------+--------+--------+--------+--------+-----+--------+

Top non-repeatable levels by time:
     D:9: 2175 daAuts
     D:5: 1862 daAuts
     D:8: 1825 daAuts
    D:10: 1761 daAuts
     D:2: 1693 daAuts
     D:7: 1313 daAuts
     D:3: 1284 daAuts
     D:1: 1178 daAuts
     D:4: 1161 daAuts
     D:6: 1008 daAuts
  Temple: 139 daAuts
    D:11: 58 daAuts
